 Dungeon Crawl Stone Soup version 0.32-a0-673-g3729bd50f8 (webtiles) character file.

Game seed: 17962929232733264284

242966 ytrimaz the Skinwalker (level 19, -7/152 HPs)
             Began as an Octopode Shapeshifter on Mar 11, 2024.
             Was an Elder of Ashenzari.
             Killed from afar by an acid blob (25 damage)
             ... with a splash of acid
             ... on level 3 of the Pits of Slime.
             The game lasted 00:47:27 (31592 turns).

ytrimaz the Skinwalker (Octopode Shapeshifter)     Turns: 31592, Time: 00:47:27

Health: -7/152     AC: 28    Str: 11 (12) XL:     19   Next: 40%
Magic:  39/39      EV: 39    Int: 40 (42) God:    Ashenzari [****..]
Gold:   1955       SH:  0    Dex: 28      Spells: 24/39 levels left

rFire   + .          .
                       - Unarmed
rCold   . . .        (no shield)
rNeg    + . .        (helmet restricted)
rPois   ∞            Z - amulet of Qits {Acrobat MP+9}
rElec   +            e - ring of the Restrained Sybil {EV+5, Cun, Bglg} (curse)
rCorr   .            p - ring of Ashenzari's Insecurity {rPois Will- Int+6 Dex+9, Sorc, Melee} (curse)
SInv    +            r - ring of the Prescient Cosmos {rF+, Comp, Dev} (curse)
Will    +....        B - ring "Fetters of Ashenzari" {Dex+6, Cun, Sorc} (curse)
Stlth   +++++++      N - ring of the Chained Vision {EV+5, Bglg, Self} (curse)
HPRegen 0.00/turn    O - ring of the Tethered Anxiety {Int+6, Elem, Dev} (curse)
MPRegen 0.26/turn    T - ring "Shattered Shame" {Int+6, Cun, Elem} (curse)
                     W - ring "Shackled With Me" {Int+6, Elem, Sorc} (curse)

%: acrobat, clarity
@: statue-form, corroded, inhibited regen, studying Unarmed Combat, very slow
A: slow and powerful, torment resistance 1, boosted hp, almost no armour,
amphibious, 8 rings, camouflage 1, (gelatinous body 1), (nimble swimmer 1),
tentacles, deterioration 1, frail 1, low MP 1, strong-willed 1, inhibited
regeneration, weak 1, MP-powered wands, persistent drain
}: 2/15 runes: serpentine, barnacled
a: Begin Untransformation, Renounce Religion, Shatter the Chains


You were on level 3 of the Pits of Slime.
You worshipped Ashenzari.
Ashenzari was greatly pleased with you.
You were a living statue of rough stone.
You visited 7 branches of the dungeon, and saw 34 of its levels.
You also visited: Gauntlet.

You collected 3455 gold pieces.
You spent 1500 gold pieces at shops.


Innate Abilities, Weirdness & Mutations

You are a living statue of rough stone.
Your actions are slow, but your melee attacks are powerful.
You are resistant to unholy torment.
Your maximum health is greatly increased.
You cannot wear most types of armour.
You are amphibious.
You can wear up to eight rings at the same time.
You are immune to poison.
Your skin changes colour to match your surroundings (Stealth+).
((Your rubbery body absorbs attacks. (AC +1, EV +1)))
((You are camouflaged when in or above water. (Stealth+)))
You have tentacles for arms and can constrict up to eight enemies at once.
Your body sometimes deteriorates upon taking damage.
You are frail. (-10% HP)
Your magical capacity is low. (-10% MP)
You are strong-willed. (Will+)
You do not regenerate when monsters are visible.
You are weak. (Str -2)
You expend magic power (3 MP) to strengthen your wands.
Your health recovers twice as slowly from being drained.


   Skills:
 - Level 10.0(11.8) Fighting
 - Level 12.8(16.3) Dodging
 - Level 8.6(12.2) Stealth
 + Level 12.6(14.3) Unarmed Combat
 + Level 8.8(10.7) Spellcasting
 - Level 10.3(13.8) Conjurations
 - Level 2.5(4.0) Necromancy
 - Level 5.3(8.8) Earth Magic
 - Level 4.4(7.7) Alchemy
 - Level 21.8(24.1) Shapeshifting


You had 24 spell levels left.
You knew the following spells:

 Your Spells              Type           Power      Damage    Failure   Level
a - Fugue of the Fallen   Necr           52%        N/A       1%          3
b - Irradiate             Conj/Alch      41%        3d25      1%          5
c - Orb of Destruction    Conj           46%        9d12      4%          7

Your spell library contained the following spells:

 Spells                   Type           Power      Damage    Failure   Level
 Magic Dart               Conj           100%       1d8       0%          1
 Searing Ray              Conj           100%       2d8       0%          2
 Freeze                   Ice            100%       1d10      1%          1
 Kiss of Death            Conj/Necr      100%       2d13      1%          1
 Ensorcelled Hibernation  Hex/Ice        48%        N/A       1%          2
 Momentum Strike          Conj/Tloc      100%       3d10      1%          2
 Dazzling Flash           Conj/Hex       100%       N/A       1%          3
 Hailstorm                Conj/Ice       68%        3d12      1%          3
 Mephitic Cloud           Conj/Alch/Air  69%        N/A       1%          3
 Passwall                 Erth           75%        N/A       1%          3
 Fulminant Prism          Conj/Alch      41%        3d19      1%          4
 Iskenderun's Mystic Bla  Conj/Tloc      68%        2d14      1%          4
 Petrify                  Alch/Erth      73%        N/A       1%          4
 Lee's Rapid Deconstruct  Erth           37%        3d19*     1%          5
 Blink                    Tloc           48%        N/A       2%          2
 Lesser Beckoning         Tloc           48%        N/A       2%          2
 Animate Dead             Necr           52%        N/A       3%          4
 Dispel Undead            Necr           52%        3d19      3%          4
 Borgnjor's Vile Clutch   Necr/Erth      32%        N/A       3%          5
 Confusing Touch          Hex            24%        N/A       4%          3
 Frozen Ramparts          Ice            50%        1d8       4%          3
 Summon Ice Beast         Ice/Summ       24%        N/A       4%          3
 Swiftness                Air            25%        N/A       4%          3
 Volatile Blastmotes      Fire/Tloc      48%        2d14      4%          3
 Anguish                  Hex/Necr       19%        N/A       7%          4
 Curse of Agony           Necr           52%        N/A       9%          5
 Eringya's Noxious Bog    Alch           35%        4d6       11%         6
 Summon Blazeheart Golem  Fire/Summ      24%        N/A       14%         4
 Summon Lightning Spire   Summ/Air       24%        N/A       14%         4
 Silence                  Hex/Air        12%        N/A       36%         5
 Summon Forest            Summ/Tloc      11%        N/A       38%         5
 Summon Mana Viper        Hex/Summ       23%        N/A       38%         5
 Death Channel            Necr           26%        N/A       43%         6
 Spellforged Servitor     Conj/Summ      33%        N/A       61%         7
 Summon Cactus Giant      Summ           11%        N/A       93%         6
 Monstrous Menagerie      Summ           11%        N/A       100%        7
 Summon Hydra             Summ           11%        N/A       100%        7
 Chain Lightning          Conj/Air       34%        3d45      100%        9
 Death's Door             Necr           26%        N/A       100%        9
 Fire Storm               Conj/Fire      34%        8d9       100%        9
 Shatter                  Erth           37%        3d30*     100%        9
 Sublimation of Blood     Necr           Unusable   N/A       N/A         2
 Animate Armour           Summ/Erth      Unusable   N/A       N/A         4

Inventory:

Missiles
 D - 4 throwing nets
Jewellery
 e - the cursed ring of the Restrained Sybil (left tentacle) {EV+5, Cun, Bglg}
   (You found it on level 3 of the Dungeon)

   [ring of evasion]

   EV+5:      It affects your evasion (+5).
   It has a curse which improves the following skills: Cunning: Dodging and
   Stealth.
   Beguiling: Hexes and Translocations.
 p - the cursed ring of Ashenzari's Insecurity (right tentacle) {rPois Will- Int+6 Dex+9, Sorc, Melee}
   (You found it on level 4 of the Dungeon)

   [ring of intelligence]

   Int+6:     It affects your intelligence (+6).
   Dex+9:     It affects your dexterity (+9).
   rPois:     It protects you from poison.
   Will-:     It decreases your willpower.
   It has a curse which improves the following skills: Sorcery: Conjurations and
   Alchemy.
   Melee Combat: Short Blades, Long Blades, Axes, Maces & Flails, Polearms,
   Staves and Unarmed Combat.
 r - the cursed ring of the Prescient Cosmos (on tentacle) {rF+, Comp, Dev}
   (You found it on level 5 of the Dungeon)

   [ring of protection from fire]

   rF+:       It protects you from fire.
   It has a curse which improves the following skills: Companions: Summonings
   and Necromancy.
   Devices:   Evocations and Shapeshifting.
 B - the cursed ring "Fetters of Ashenzari" (on tentacle) {Dex+6, Cun, Sorc}
   (You found it on level 8 of the Dungeon)

   [ring of dexterity]

   Dex+6:     It affects your dexterity (+6).
   It has a curse which improves the following skills: Cunning: Dodging and
   Stealth.
   Sorcery:   Conjurations and Alchemy.
 F - a ring of magical power
   (You took it off a naga on level 1 of the Snake Pit)
 N - the cursed ring of the Chained Vision (on tentacle) {EV+5, Bglg, Self}
   (You found it on level 14 of the Dungeon)

   [ring of evasion]

   EV+5:      It affects your evasion (+5).
   It has a curse which improves the following skills: Beguiling: Hexes and
   Translocations.
   Introspection: Fighting and Spellcasting.
 O - the cursed ring of the Tethered Anxiety (on tentacle) {Int+6, Elem, Dev}
   (You found it on level 15 of the Dungeon)

   [ring of intelligence]

   Int+6:     It affects your intelligence (+6).
   It has a curse which improves the following skills: Elements: Fire Magic, Ice
   Magic, Air Magic and Earth Magic.
   Devices:   Evocations and Shapeshifting.
 T - the cursed ring "Shattered Shame" (on tentacle) {Int+6, Cun, Elem}
   (You found it in a Gauntlet)

   [ring of intelligence]

   Int+6:     It affects your intelligence (+6).
   It has a curse which improves the following skills: Cunning: Dodging and
   Stealth.
   Elements:  Fire Magic, Ice Magic, Air Magic and Earth Magic.
 V - a ring of willpower
   (You found it on level 4 of the Shoals)
 W - the cursed ring "Shackled With Me" (on tentacle) {Int+6, Elem, Sorc}
   (You found it in a Gauntlet)

   [ring of intelligence]

   Int+6:     It affects your intelligence (+6).
   It has a curse which improves the following skills: Elements: Fire Magic, Ice
   Magic, Air Magic and Earth Magic.
   Sorcery:   Conjurations and Alchemy.
 X - a +6 ring of dexterity
   (You found it on level 4 of the Shoals)
 Y - a ring of positive energy
   (You found it on level 5 of the Lair of Beasts)
 Z - the amulet of Qits (around mantle) {Acrobat MP+9}
   (You took it off a merfolk impaler on level 4 of the Shoals)

   [amulet of the acrobat]

   Acrobat:   It increases your evasion while moving and waiting.
   MP+9:      It affects your magic capacity (+9).
Talismans
 b - a beast talisman
 c - a flux talisman
 g - a blade talisman
   (You found it on level 1 of the Dungeon)
 C - a dragon-blood talisman
   (You bought it in a shop on level 2 of the Orcish Mines)
 E - a granite talisman (active)
   (You bought it in a shop on level 3 of the Dungeon)
Wands
 h - a wand of flame (26)
   (You found it on level 1 of the Snake Pit)
 j - a wand of charming (32)
   (You found it on level 9 of the Dungeon)
 L - a wand of roots (9)
   (You found it on level 14 of the Dungeon)
Scrolls
 m - a scroll of butterflies
 n - 6 scrolls of fog
 q - a scroll of brand weapon
 s - 2 scrolls of amnesia
 u - 5 scrolls of immolation
 x - 2 scrolls of vulnerability
 y - 3 scrolls of enchant armour
 A - 4 scrolls of revelation
 H - 2 scrolls of enchant weapon
 I - 5 scrolls of teleportation
 M - a scroll of fear
 P - 2 scrolls of silence
 Q - a scroll of blinking
 S - 5 scrolls of poison
 U - 2 scrolls of torment
Potions
 a - 3 potions of brilliance
 d - 2 potions of invisibility
 f - 3 potions of might
 i - 11 potions of curing
 k - 5 potions of mutation
 l - 3 potions of haste
 o - 3 potions of attraction
 v - 4 potions of berserk rage
 w - a potion of magic
 z - 6 potions of lignification
 G - 3 potions of enlightenment
 J - 3 potions of cancellation
 K - 3 potions of heal wounds
 R - 7 potions of ambrosia

Dungeon Overview and Level Annotations

Branches:
Dungeon (15/15) Zot: 24785  Temple (1/1) D:4 Zot: 5984    Lair (5/5) D:10 Zot: 22315
 Shoals (4/4) Lair:3 Zot: 17951   Snake (4/4) Lair:3 Zot: 17205   Slime (3/5) Lair:5 Zot: 17314
    Orc (2/2) D:11 Zot: 10048     Elf (0/3) Orc:2        Vaults (0/5) D:13
 Depths (0/4) D:15        Gauntlet (visited)

Altars:
Ashenzari
Cheibriados
Dithmenos
Elyvilon
Fedhas
Gozag
Hepliaklqana
Kikubaaqudgha
Makhleb
Nemelex Xobeh
Okawaru
Qazlal
Ru
Sif Muna
Trog
Uskayaw
Vehumet
Wu Jian
Xom
Yredelemnul
Zin
The Shining One
Beogh

Shops:
D:3 *(   D:10 *   Orc:2 ([=*   Shoals:3 [   Snake:1 :=:

Portals:
Hell: Lair:5

Annotations:
D:5 1 exclusion
D:14 3 runed translucent doors, KSaturn's ghost, journeyman DECj

**,*,,,,,,,,,,
*....,*,.....,
*#...*##.....,,*,**,,,
#...#................ *
##.................... **
#..................... ,*
#..........>.......... **
##......##............
,*##....I................
**#.........#............
,#............J..........
,.....#..................
,...........J.JJ.........
,.............J<...>.....
*.............J..........
*#.#.#.....<..^>.<.......
,,*##................J...


You could see 2 acid blobs, a large slime creature, 2 slime creatures and a
rockslime.


Message History

Unknown command.
You tentacle-slap the rockslime but do no damage.
You squeeze the rockslime! The rockslime completely misses you.
You tentacle-slap the rockslime but do no damage.
You squeeze the rockslime, but do no damage.
The rockslime completely misses you. x2
Unknown command.
You bludgeon the rockslime! You squeeze the rockslime.
You kill the rockslime!
No target in view!
No target in view! 2 slime creatures come into view.
There is a stone staircase leading down here.
Unknown command.
There is a stone staircase leading up here.
Found a stone staircase leading down.
An acid blob comes into view.
There is a stone staircase leading up here.
A slime creature comes into view.
The acid blob quivers.
The acid blob spits acid at you.
The splash of acid hits you but does no damage.
The slime creature quivers.
A rockslime, an acid blob and a slime creature come into view.
The rockslime quivers.
The acid blob spits acid at you. The splash of acid misses you.
A slime creature comes into view. x2
The acid blob misses you.
The slime creature quivers.
The acid blob spits acid at you.
The splash of acid hits you but does no damage.
The acid corrodes you!
The slime creature jiggles.
The acid blob spits acid at you. The splash of acid hits you. 😕 HP[-3]
You take 3 damage, and now have 149/152 hp.
You bludgeon the acid blob!
Your tentacles burn!
The acid blob hits you!!
Your body deteriorates!
You feel dopey.
You are splashed with acid. 😕 HP[-33]
You take 33 damage, and now have 116/152 hp.
MASSIVE DAMAGE!! (PAUSE)
The acid blob spits acid at you. The splash of acid misses you.
The rockslime completely misses you. The acid blob barely misses you.
You bludgeon the acid blob!
Your tentacles burn!
You squeeze the acid blob, but do no damage.
The acid blob spits acid at you. The splash of acid misses you.
The rockslime completely misses you. The acid blob completely misses you.
Two slime creatures merge to form a large slime creature.
A slime creature comes into view.
The acid blob spits acid at you. The splash of acid hits you!! 😮 HP[-19]
You take 19 damage, and now have 97/152 hp.
You are too injured to fight recklessly!
Unknown command.
The rockslime attacks as it pursues you!
The rockslime hits you but does no damage.
The acid blob spits acid at you. The splash of acid hits you!!
* * * LOW HITPOINT WARNING * * *
Your body deteriorates!
You feel weakened.
Two slime creatures merge to form a very large slime creature.
The rockslime hits you but does no damage. 😨 HP[-23]
You take 23 damage, and now have 74/152 hp.
The acid blob spits acid at you. The splash of acid misses you.
The rockslime completely misses you. The acid blob misses you.
The acid blob spits acid at you. The splash of acid hits you!!
* * * LOW HITPOINT WARNING * * *
Your body deteriorates!
You feel dopey. The acid corrodes you! The rockslime hits you!!
* * * LOW HITPOINT WARNING * * *
You stumble backwards!
The acid blob spits acid at you. The splash of acid hits you.
* * * LOW HITPOINT WARNING * * *
The rockslime closely misses you. 😱 HP[-51]
You take 51 damage, and now have 23/152 hp.
MASSIVE DAMAGE!! (PAUSE) Unknown command.
Blink to where?
Press: ? - help, Dir - move target
As you read the scroll of blinking, it crumbles to dust.
The acid blob spits acid at you. The splash of acid hits you.
* * * LOW HITPOINT WARNING * * *
The rockslime jiggles. 😱 HP[-5]
You take 5 damage, and now have 18/152 hp.
The acid blob spits acid at you. The splash of acid hits you!!
You die...

Skill      XL: |  1  2  3  4  5  6  7  8  9 10 11 12 13 14 15 16 17 18 19 |
---------------+----------------------------------------------------------+-----
Stealth        | 1 2 3 4 5 7 8 |  8.6
Unarmed Combat | 4 5 7 9 10 11 12 | 12.6
Shapeshifting  | 4 5 6 8 9 11 13 15 16 18 19 20 21 | 21.8
Dodging        | 5 8 10 11 12 | 12.8
Fighting       | 5 7 9 10 | 10.0
Conjurations   | 3 7 8 9 10 | 10.3
Necromancy     | 1 2 |  2.5
Spellcasting   | 3 6 8 |  8.8
Alchemy        | 4 |  4.4
Earth Magic    | 1 5 |  5.3

Action                     |  1- 3 |  4- 6 |  7- 9 | 10-12 | 13-15 | 16-18 | 19-21 || total
---------------------------+-------+-------+-------+-------+-------+-------+-------++-------
  Melee: Unarmed           |    62 |    87 |   138 |   378 |   768 |   811 |   199 ||  2443
         Constrict         |    18 |    13 |    36 |    79 |   128 |   165 |    22 ||   461
         Tentacles         |     9 |     8 |    39 |   104 |   225 |   244 |    65 ||   694
         Punch             |     2 |     1 |     3 |    27 |    90 |   103 |    27 ||   253
  Throw: Dart              |       |     1 |       |       |       |       |       ||     1
         Throwing net      |       |       |     3 |       |       |       |       ||     3
   Cast: Fugue of the Fall |       |       |       |       |     1 |    14 |     1 ||    16
         Irradiate         |       |       |       |       |       |    33 |     4 ||    37
         Orb of Destructio |       |       |       |       |       |    33 |     2 ||    35
 Invoke: Curse Item        |       |       |     2 |     3 |     1 |     2 |     1 ||     9
         Shatter the Chain |       |       |       |       |       |       |     1 ||     1
  Evoke: Wand              |       |       |       |    10 |     1 |       |       ||    11
    Use: Scroll            |     2 |     6 |     4 |     4 |     3 |       |     3 ||    22
         Potion            |       |     2 |     3 |     6 |       |     3 |       ||    14
   Stab: Sleeping          |    10 |    13 |    10 |    16 |    29 |    32 |     9 ||   119
         Invisible         |       |       |     2 |     9 |       |       |       ||    11
         Held in net/web   |       |       |     5 |       |       |       |       ||     5
         Distracted        |       |       |       |     4 |     5 |     2 |       ||    11
         Confused          |       |       |       |     1 |       |       |       ||     1
 Armour: Skin              |    22 |    39 |    52 |   119 |   322 |   787 |   162 ||  1503
  Dodge: Dodged            |    19 |    34 |   111 |   472 |  1872 |  2858 |   640 ||  6006
   Form: Flux              |       |       |     1 |     1 |       |       |       ||     2
         Beast             |       |       |     1 |       |       |       |       ||     1
         Blade             |       |       |       |     2 |       |       |       ||     2
         Statue            |       |       |       |     2 |       |       |       ||     2
                           |       |       |       |     1 |       |       |       ||     1

Levels and vault maps discovered:
D:1:      evilmike_arrival_rings, layout_loops_ring, minivault_11,
          chequers_avenue, minmay_misc_feat_cross, moated_statue
D:2:      layout_loops_corners, dreamdust_ecumenical_altar_sealed_demon,
          minmay_snake_closets
D:3:      layout_loops_ring, mainiacjoe_overflow_alcove_4, serial_shops, shop,
          nicolae_shop_crystal, glass_columns_c
D:4:      layout_loops_ring, bloody_makhleb, minmay_temple_entry_mini_moons,
          guppyfry_early_orc_mine
D:5:      cheibrodos_two_vegetables, layout_loops_corners, minivault_23,
          palyth_stone_intersect, skrybe_limestone_x
D:6:      layout_basic, abandoned_shop, uniq_sigmund, uniq_blork_the_orc
D:7:      layout_rooms, pdpol_wu_jian_five_deadly_venoms,
          mainiacjoe_overflow_tiny_flanked, serial_curves, eino_curves_04,
          eino_curves_01
D:8:      layout_gridville, nzn_hepliaklqana_mist_gate,
          gammafunk_ghost_stat_death, uniq_maggie
D:9:      layout_irregular_city, grunt_decor_arrowhead
D:10:     layout_basic, kiku_gazebo_garden_becter,
          nicolae_overflow_crystal_walls, david_lair_shrubbed,
          minmay_shop_damaged, uniq_lodul
D:11:     layout_loops_cross, erik_orc_1
D:12:     layout_loops_cross, cheibrodos_ashenzari_chains
D:13:     layout_roguey, ximxim_vaults_locker_room, minmay_misc_feat_iff
D:14:     layout_rooms, gammafunk_ghost_fury_of_okawaru,
          minmay_misc_feat_enclosed, st_stairs_13
D:15:     grunt_enter_depths_magical_seal, layout_basic,
          chequers_serial_rivers_small_b
Temple:   nicolae_temple_no_exploring_needed
Lair:1:   layout_roguey [special_room_bee], basic_altar, gauntlet_entry_generic
Lair:2:   layout_roguey, serial_bayou_shore_a, grunt_megastairs_2
Lair:3:   hellmonk_destroyed_diamonds, layout_cellular_growth,
          shoals_dummy_entry, guppyfry_snake_entry_island, serial_bayou_pond_d,
          infiniplex_staircase_pool
Lair:4:   layout_concentric_octagons, lemuel_fruit_fields, grunt_megastairs_1
Lair:5:   evil_forest, layout_cave_pods, minmay_slime_entry_pillars
Shoals:1: layout_shoals
Shoals:2: layout_shoals, nicolae_shoals_bring_sunscreen
Shoals:3: cheibrodos_shoals_roost, layout_shoals, serial_shops, shop,
          nicolae_shoals_goliath_grotto
Shoals:4: shoals_end_hellmonk_storm_palace [storm_palace_center_circular,
          storm_palace_corner_blocked, storm_palace_corner_grid,
          storm_palace_corner_reverse_hut, storm_palace_corner_reverse_hut]
Snake:1:  layout_onion_interference, st_stairs_10, minmay_shop_grove
Snake:2:  layout_layer_cave, special_room, serial_bayou, serial_bayou_lagoon_b,
          serial_bayou_lake_a, serial_bayou_lagoon_a, serial_bayou_pond_c,
          hangedman_venom_bottle
Snake:3:  layout_layer_cave
Snake:4:  snake_pit_salamanders_mu, layout_cave_town, uniq_vashnia,
          uniq_asterion, uniq_aizul
Slime:1:  layout_caves, special_room [special_room_jelly]
Slime:2:  layout_caves, uniq_dissolution
Slime:3:  layout_caves
Orc:1:    layout_caves, basic_altar, uniq_urug, uniq_harold
Orc:2:    grunt_orc_gardens, layout_caves, grunt_orc_garden, grunt_orc_garden,
          grunt_orc_garden, grunt_orc_garden, nicolae_orc_minecarts

Notes
Turn   | Place    | Note
-------+----------+-------------------------------------------
     0 | D:1      | ytrimaz the Octopode Shapeshifter began the quest for the
                  | Orb.
     0 | D:1      | Reached XP level 1. HP: 13/13 MP: 1/1
     0 | D:1      | magus.rc [v1.9.6]
   216 | D:1      | Reached skill level 1 in Stealth
   265 | D:1      | Reached XP level 2. HP: 16/18 MP: 2/2
   478 | D:1      | You pick up a book of Frost and begin reading...
   478 | D:1      | You add the spells Freeze, Frozen Ramparts and Hailstorm to
                  | your library.
   540 | D:1      | Reached skill level 2 in Stealth
   589 | D:1      | Reached XP level 3. HP: 23/23 MP: 3/3
  1413 | D:2      | Reached XP level 4. HP: 28/28 MP: 4/4
  1671 | D:2      | Reached skill level 3 in Stealth
  1925 | D:2      | Found a faded altar of an unknown god.
  1925 | D:2      | Noticed a rust devil
  2160 | D:3      | Noticed an ogre
  2160 | D:3      | Found a shimmering blue altar of Sif Muna.
  2225 | D:3      | Noticed a kobold brigand
  2241 | D:3      | Reached skill level 4 in Unarmed Combat
  2241 | D:3      | Reached XP level 5. HP: 33/33 MP: 5/5
  2245 | D:3      | Killed a kobold brigand
  2246 | D:3      | Reached skill level 4 in Stealth
  2246 | D:3      | Reached skill level 4 in Shapeshifting
  2302 | D:3      | Reached XP level 6. HP: 26/38 MP: 6/6
  2303 | D:3      | HP: 12/57 [orc priest/divine providence (14)]
  2440 | D:3      | HP: 2/38 [ogre/+0 giant spiked club (36)]
  2443 | D:3      | Reached skill level 5 in Stealth
  2579 | D:3      | You pick up a book of Spatial Translocations and begin
                  | reading...
  2579 | D:3      | You add the spells Blink, Momentum Strike and Lesser
                  | Beckoning to your library.
  2854 | D:3      | Found Wyassem's Weapon Emporium.
  2933 | D:3      | Found Pemnijid's General Store.
  3324 | D:4      | Reached XP level 7. HP: 33/43 MP: 4/7
  3327 | D:4      | Reached skill level 5 in Unarmed Combat
  3537 | D:4      | Reached skill level 6 in Stealth
  3538 | D:4      | Reached skill level 5 in Shapeshifting
  3657 | D:4      | You pick up a book of Dreams and begin reading...
  3657 | D:4      | You add the spells Ensorcelled Hibernation, Fugue of the
                  | Fallen and Anguish to your library.
  3729 | D:4      | Found a staircase to the Ecumenical Temple.
  3749 | Temple   | Entered the Ecumenical Temple
  3755 | Temple   | Became a worshipper of Ashenzari the Shackled
  3817 | D:4      | Identified the ring of the Ban {rPois Will- Int+6 Dex+9}
  4212 | D:4      | Found a burning altar of Makhleb.
  4294 | D:5      | Entered Level 5 of the Dungeon
  4443 | D:5      | Reached skill level 7 in Stealth
  4443 | D:5      | Reached XP level 8. HP: 40/48 MP: 8/8
  4609 | D:5      | Reached skill level 6 in Unarmed Combat
  5325 | D:5      | Reached skill level 8 in Stealth
  5325 | D:5      | Reached skill level 6 in Shapeshifting
  5602 | D:6      | Noticed a two-headed ogre
  5626 | D:6      | Noticed Blork the orc
  5632 | D:6      | Killed Blork the orc
  5643 | D:6      | Noticed Sigmund
  5659 | D:6      | Killed Sigmund
  5660 | D:6      | Reached skill level 7 in Unarmed Combat
  5660 | D:6      | Reached XP level 9. HP: 53/53 MP: 9/9
  5671 | D:6      | Killed a two-headed ogre
  5672 | D:6      | Reached skill level 8 in Unarmed Combat
  5672 | D:6      | Reached skill level 7 in Shapeshifting
  5748 | D:6      | You pick up a book of Touch and begin reading...
  5748 | D:6      | You add the spells Kiss of Death, Confusing Touch and
                  | Dispel Undead to your library.
  5815 | D:6      | Reached * piety under Ashenzari
  6113 | D:7      | Noticed a two-headed ogre
  6122 | D:7      | Killed a two-headed ogre
  6123 | D:7      | Reached skill level 9 in Unarmed Combat
  6123 | D:7      | Reached skill level 8 in Shapeshifting
  6149 | D:7      | Reached XP level 10. HP: 38/58 MP: 5/10
  6234 | D:7      | Found a stormy altar of Qazlal.
  6603 | D:7      | Found an ornate altar of the Wu Jian Council.
  6672 | D:7      | Reached skill level 3 in Dodging
  7095 | D:8      | Found a hazy altar of Hepliaklqana.
  7192 | D:8      | Found a transporter.
  7195 | D:8      | Noticed yetimobile's ghost (novice VSBr)
  7209 | D:8      | Found a transporter.
  7309 | D:8      | Killed yetimobile's ghost
  7310 | D:8      | Reached skill level 9 in Shapeshifting
  7322 | D:8      | Reached ** piety under Ashenzari
  7365 | D:8      | Noticed Maggie
  7385 | D:8      | Killed Maggie
  7386 | D:8      | Reached skill level 4 in Dodging
  7421 | D:8      | You pick up a book of Conjurations and begin reading...
  7421 | D:8      | You add the spells Magic Dart, Searing Ray and Fulminant
                  | Prism to your library.
  7459 | D:8      | Reached skill level 10 in Unarmed Combat
  7620 | D:9      | HP: 13/58 [killer bee (3)]
  7848 | D:9      | Identified the +8 whip "Beast's Regret" {freeze, *Rage
                  | rCorr Int+2}
  8212 | D:9      | Reached skill level 5 in Dodging
  8305 | D:9      | You pick up a book of Dangerous Friends and begin
                  | reading...
  8305 | D:9      | You add the spells Summon Blazeheart Golem, Orb of
                  | Destruction and Spellforged Servitor to your library.
  8730 | D:10     | Entered Level 10 of the Dungeon
  8734 | D:10     | Found a staircase to the Lair.
  8746 | D:10     | Reached XP level 11. HP: 63/63 MP: 11/11
  8813 | D:10     | Identified the +1 robe of Vatuwi {Rampage Str+3 Int-5
                  | Dex+2}
  8815 | D:10     | Found Ciucib's Lightly-Used Armoury.
  8844 | D:10     | Noticed a cyclops
  8852 | D:10     | Reached skill level 6 in Dodging
  8855 | D:10     | Killed a cyclops
  8856 | D:10     | Reached skill level 10 in Shapeshifting
  9045 | D:10     | Found a shimmering altar of Xom.
  9180 | D:10     | Found an ancient bone altar of Kikubaaqudgha.
  9562 | D:10     | Reached skill level 11 in Unarmed Combat
  9562 | D:10     | Noticed Lodul
  9585 | D:10     | Killed Lodul
  9624 | D:10     | Reached skill level 7 in Dodging
 10265 | D:3      | Bought a granite talisman for 660 gold pieces
 10653 | D:11     | Noticed a cyclops
 10660 | D:11     | Killed a cyclops
 10694 | D:11     | Identified a scroll of acquirement
 10980 | D:11     | Noticed a two-headed ogre
 10988 | D:11     | Killed a two-headed ogre
 10989 | D:11     | Reached skill level 11 in Shapeshifting
 11146 | D:11     | Noticed a two-headed ogre
 11147 | D:11     | Noticed a two-headed ogre
 11152 | D:11     | Killed a two-headed ogre
 11166 | D:11     | Killed a two-headed ogre
 11167 | D:11     | Reached skill level 8 in Dodging
 11167 | D:11     | Reached XP level 12. HP: 63/68 MP: 9/12
 11673 | D:11     | Found a staircase to the Orcish Mines.
 11839 | D:12     | Noticed a boulder beetle
 11847 | D:12     | Reached skill level 12 in Shapeshifting
 11909 | D:12     | Killed a boulder beetle
 11949 | D:12     | Found a broken altar of Ashenzari.
 12026 | D:12     | Noticed a boulder beetle
 12032 | D:12     | Killed a boulder beetle
 12439 | D:13     | Reached skill level 9 in Dodging
 12503 | D:13     | Noticed a vault guard
 12505 | D:13     | Noticed a vault guard
 12505 | D:13     | Noticed a vault guard
 12506 | D:13     | Noticed a vault guard
 12513 | D:13     | Killed a vault guard
 12513 | D:13     | Killed a vault guard
 12521 | D:13     | Killed a vault guard
 12521 | D:13     | Killed a vault guard
 12522 | D:13     | Reached skill level 13 in Shapeshifting
 12623 | D:13     | Found a gate to the Vaults.
 12804 | D:13     | Noticed a centaur warrior
 12814 | D:13     | Killed a centaur warrior
 12817 | D:13     | Reached skill level 10 in Dodging
 12871 | D:13     | Reached XP level 13. HP: 73/73 MP: 13/13
 12924 | D:13     | Reached skill level 2 in Fighting
 13063 | D:13     | Reached skill level 14 in Shapeshifting
 13225 | D:14     | Noticed a rakshasa
 13228 | D:14     | Killed a rakshasa
 13229 | D:14     | Reached skill level 3 in Fighting
 13278 | D:14     | Noticed a merfolk javelineer
 13278 | D:14     | Noticed a fire giant
 13431 | D:14     | Reached skill level 4 in Fighting
 13551 | D:14     | Reached skill level 11 in Dodging
 13716 | D:14     | Noticed a merfolk impaler
 13717 | D:14     | Found a runed translucent gate.
 13718 | D:14     | Found a runed translucent gate.
 13718 | D:14     | Noticed a merfolk javelineer
 13718 | D:14     | Noticed a merfolk impaler
 13719 | D:14     | Found a runed translucent gate.
 13719 | D:14     | Noticed KSaturn's ghost (journeyman DECj)
 13720 | D:14     | Identified the +0 ring mail of the Black Moon {rC++ Int+3}
 13724 | D:14     | Found an iron altar of Okawaru.
 13901 | D:15     | Entered Level 15 of the Dungeon
 13912 | D:15     | Reached skill level 5 in Fighting
 13998 | D:15     | Reached skill level 15 in Shapeshifting
 14014 | D:15     | Reached XP level 14. HP: 88/88 MP: 14/14
 14113 | D:15     | Reached skill level 6 in Fighting
 14140 | D:15     | Found a staircase to the Depths.
 14966 | D:15     | You pick up a book of the Senses and begin reading...
 14966 | D:15     | You add the spells Dazzling Flash, Mephitic Cloud, Curse of
                  | Agony and Silence to your library.
 15062 | D:15     | Reached *** piety under Ashenzari
 15262 | Lair:1   | Entered Level 1 of the Lair of Beasts
 15296 | Lair:1   | Found a gate leading to a gauntlet.
 15302 | Gauntlet | Entered a Gauntlet
 15302 | Gauntlet | Found a transporter.
 15305 | Gauntlet | Found a transporter.
 15317 | Gauntlet | Found a transporter.
 15317 | Gauntlet | Identified the staff of Decaying Conscience {rC- Will+++
                  | Hexes Air Earth}
 15317 | Gauntlet | Identified the amulet of the Centipede {Reflect rF++ rC-
                  | Dex+4 SH+5}
 15321 | Gauntlet | Found a transporter.
 15323 | Gauntlet | Found a large runed translucent door.
 15324 | Gauntlet | Found a large runed translucent door.
 15325 | Gauntlet | Found a large runed translucent door.
 15325 | Gauntlet | Found a large runed translucent door.
 15325 | Gauntlet | Found a runed translucent door.
 15326 | Gauntlet | Found a large runed translucent door.
 15327 | Gauntlet | Found a large runed translucent door.
 15328 | Gauntlet | Found a large runed translucent door.
 15328 | Gauntlet | Found a large runed translucent door.
 15329 | Gauntlet | Found a runed translucent gate.
 15338 | Gauntlet | Found a transporter.
 15338 | Gauntlet | Found a runed translucent gate.
 15339 | Gauntlet | Found a runed translucent gate.
 15339 | Gauntlet | Found a runed translucent door.
 15340 | Gauntlet | Found a large runed translucent door.
 15340 | Gauntlet | Found a large runed translucent door.
 15341 | Gauntlet | Found a large runed translucent door.
 15342 | Gauntlet | Found a large runed translucent door.
 15351 | Gauntlet | Found a transporter.
 15358 | Gauntlet | Found a large runed translucent door.
 15358 | Gauntlet | Found a large runed translucent door.
 15359 | Gauntlet | Found a large runed translucent door.
 15360 | Gauntlet | Found a large runed translucent door.
 15361 | Gauntlet | Found a transporter.
 15365 | Gauntlet | Found a transporter.
 15365 | Gauntlet | Identified the +0 war axe of Narhaq {drain, *Slow Str-3
                  | Dex+7}
 15367 | Gauntlet | Found the +1 cloak of Starlight {*Dazzle EV+4 Stlth--}
 15384 | Gauntlet | Found a transporter.
 15391 | Gauntlet | Noticed a cacodemon
 15404 | Gauntlet | Found a transporter.
 15408 | Gauntlet | Found a transporter.
 15412 | Gauntlet | Found a runed translucent door.
 15412 | Gauntlet | Found a runed translucent door.
 15416 | Gauntlet | Found a transporter.
 15615 | Gauntlet | You pick up a book of Burglary and begin reading...
 15615 | Gauntlet | You add the spells Swiftness and Passwall to your library.
 15631 | Gauntlet | Identified the +5 sling "Xittikku" {drain, Will++ Dex+3}
 15690 | Gauntlet | Found the +2 pair of slick slippers {slick, slippery, EV+4}
 15690 | Gauntlet | Identified the staff "Syejitzu" {rPois Str+3 SInv Alchemy}
 15690 | Gauntlet | Identified the +1 pair of gloves of Vylaogh {rPois Dex+4}
 15698 | Gauntlet | You add the spells Summon Forest, Eringya's Noxious Bog and
                  | Summon Hydra to your library.
 15698 | Gauntlet | You pick up a book of Annihilations and begin reading...
 15698 | Gauntlet | You add the spells Chain Lightning, Fire Storm and Shatter
                  | to your library.
 15726 | Lair:1   | You pick up a book of Beasts and begin reading...
 15726 | Lair:1   | You add the spells Summon Ice Beast, Summon Mana Viper and
                  | Monstrous Menagerie to your library.
 15825 | Lair:1   | Reached skill level 12 in Dodging
 15931 | Lair:1   | Found a blossoming altar of Fedhas.
 16118 | Lair:1   | Identified the +1 ring mail of Crawling {rElec rN+}
 16260 | Lair:1   | Reached skill level 7 in Fighting
 16260 | Lair:1   | Reached skill level 16 in Shapeshifting
 16504 | Lair:2   | You pick up a book of Transmutation and begin reading...
 16504 | Lair:2   | You add the spells Petrify and Irradiate to your library.
 17343 | Lair:3   | Reached XP level 15. HP: 99/99 MP: 15/15
 17520 | Lair:3   | Identified the Cyclopedia of Translocated Shadows
 17533 | Lair:3   | You add the spells Borgnjor's Vile Clutch and Death's Door
                  | to your library.
 17566 | Lair:3   | Found a staircase to the Shoals.
 17701 | Lair:3   | Found a staircase to the Snake Pit.
 18043 | Lair:3   | Reached skill level 8 in Fighting
 18419 | Lair:4   | You pick up a book of Blasting and begin reading...
 18419 | Lair:4   | You add the spells Volatile Blastmotes and Iskenderun's
                  | Mystic Blast to your library.
 18584 | Lair:4   | Reached skill level 17 in Shapeshifting
 19288 | Lair:5   | Entered Level 5 of the Lair of Beasts
 19341 | Lair:5   | Found a staircase to the Slime Pits.
 19380 | Lair:5   | You pick up a book of Iron and begin reading...
 19380 | Lair:5   | You add the spells Summon Lightning Spire and Lee's Rapid
                  | Deconstruction to your library.
 19644 | Lair:5   | Reached skill level 9 in Fighting
 19801 | Lair:5   | Acquired 846 gold pieces
 19811 | Lair:5   | Acquired a manual of Unarmed Combat
 19916 | Lair:5   | Reached skill level 1 in Conjurations
 20024 | Lair:5   | Found a burning altar of Makhleb.
 20161 | Lair:5   | Reached skill level 2 in Conjurations
 20257 | Lair:5   | Found a gateway to Hell.
 20684 | Orc:1    | Entered Level 1 of the Orcish Mines
 20688 | Orc:1    | Noticed an orc warlord
 20770 | Orc:1    | Killed an orc warlord
 20829 | Orc:1    | Learned a level 3 spell: Fugue of the Fallen
 20896 | Orc:1    | Found a roughly hewn altar of Beogh.
 21005 | Orc:1    | Noticed Urug
 21012 | Orc:1    | Killed Urug
 21055 | Orc:2    | Entered Level 2 of the Orcish Mines
 21055 | Orc:2    | Found a staircase to the Elven Halls.
 21069 | Orc:2    | Reached skill level 3 in Conjurations
 21222 | Orc:2    | Noticed an orc warlord
 21229 | Orc:1    | Reached skill level 1 in Necromancy
 21269 | Orc:2    | Killed an orc warlord
 21430 | Orc:2    | Found Jeog's Antique Armour Emporium.
 21449 | Orc:2    | Reached skill level 18 in Shapeshifting
 21467 | Orc:2    | Reached XP level 16. HP: 109/109 MP: 16/16
 21469 | Orc:2    | Paralysed by an orc sorcerer for 5 turns
 21481 | Orc:2    | Found Omaozama's Antique Weapon Emporium.
 21489 | Orc:2    | Reached skill level 2 in Necromancy
 21500 | Orc:2    | Reached skill level 10 in Fighting
 21747 | Orc:2    | Found Gezefin's Jewellery Emporium.
 21755 | Orc:2    | Bought a dragon-blood talisman for 840 gold pieces
 21800 | Orc:2    | Found Disiucke's General Store.
 21884 | Orc:2    | Reached skill level 4 in Conjurations
 22040 | Orc:2    | Reached **** piety under Ashenzari
 22185 | Snake:1  | Entered Level 1 of the Snake Pit
 22386 | Snake:1  | Reached skill level 5 in Conjurations
 22632 | Snake:1  | You pick up a book of the Wilderness and begin reading...
 22683 | Snake:1  | Found Pokun's Book Emporium.
 22683 | Snake:1  | Found Itimmou's Jewellery Boutique.
 22684 | Snake:1  | Found Miuwue's Book Emporium.
 22950 | Snake:2  | Found a huge runed translucent gate.
 22950 | Snake:2  | Found a huge runed translucent gate.
 22951 | Snake:2  | Found a huge runed translucent gate.
 22952 | Snake:2  | Found a huge runed translucent gate.
 22952 | Snake:2  | Found a huge runed translucent gate.
 23041 | Snake:2  | Reached skill level 1 in Spellcasting
 23239 | Snake:2  | Reached skill level 2 in Spellcasting
 23248 | Snake:2  | Reached skill level 6 in Conjurations
 23267 | Snake:2  | Reached skill level 19 in Shapeshifting
 23533 | Snake:2  | Reached skill level 3 in Spellcasting
 24963 | Snake:4  | Entered Level 4 of the Snake Pit
 24987 | Snake:4  | Reached skill level 7 in Conjurations
 24998 | Snake:4  | Learned a level 5 spell: Irradiate
 25066 | Snake:4  | Reached XP level 17. HP: 119/119 MP: 25/25
 25072 | Snake:4  | You pick up a book of Unlife and begin reading...
 25072 | Snake:4  | You add the spells Animate Dead and Death Channel to your
                  | library.
 25085 | Snake:4  | Noticed Asterion
 25094 | Snake:4  | Killed Asterion
 25095 | Snake:4  | Reached skill level 4 in Spellcasting
 25222 | Snake:4  | Identified the serpent talisman "Qixt" {Int+4}
 25222 | Snake:4  | Noticed Aizul
 25230 | Snake:4  | Killed Aizul
 25695 | Snake:4  | Reached skill level 5 in Spellcasting
 25830 | Snake:4  | Reached skill level 8 in Conjurations
 25842 | Snake:4  | Reached skill level 1 in Alchemy
 25845 | Snake:4  | Noticed Vashnia
 25857 | Snake:4  | Gained mutation: You are vulnerable to heat. (rF-)
                  | [mutagenic glow]
 25863 | Snake:4  | Lost mutation: You are vulnerable to heat. (rF-) [potion of
                  | mutation]
 25863 | Snake:4  | Gained mutation: You are strong-willed. (Will+) [potion of
                  | mutation]
 25863 | Snake:4  | Gained mutation: Your mind is acute. (Int +4, Str/Dex -1)
                  | [potion of mutation]
 25863 | Snake:4  | Lost mutation: Your mind is acute. (Int +4, Str/Dex -1)
                  | [potion of mutation]
 25876 | Snake:4  | Killed Vashnia
 25880 | Snake:4  | Reached skill level 2 in Alchemy
 26004 | Snake:4  | Reached skill level 20 in Shapeshifting
 26187 | Snake:4  | Reached skill level 3 in Alchemy
 26266 | Snake:4  | Reached skill level 6 in Spellcasting
 26282 | Snake:4  | Reached skill level 4 in Alchemy
 26297 | Snake:4  | HP: 36/154 [constriction (4)]
 26305 | Snake:4  | HP: 38/154 [constriction (4)]
 26309 | Snake:4  | HP: 15/154 [constriction (4)]
 26500 | Snake:4  | Got a serpentine rune of Zot
 26904 | Shoals:1 | Entered Level 1 of the Shoals
 26942 | Shoals:1 | Learned a level 7 spell: Orb of Destruction
 27039 | Shoals:1 | Reached skill level 1 in Earth Magic
 27082 | Shoals:1 | Reached XP level 18. HP: 126/126 MP: 22/30
 27473 | Shoals:1 | Reached skill level 2 in Earth Magic
 28137 | Shoals:2 | Reached skill level 7 in Spellcasting
 28283 | Shoals:2 | Reached skill level 3 in Earth Magic
 28438 | Shoals:2 | Identified the +4 orcbow "Sarcophage" {freeze, rC+ Will+
                  | Dex+5}
 28737 | Shoals:2 | Reached skill level 21 in Shapeshifting
 29090 | Shoals:3 | Reached skill level 4 in Earth Magic
 29475 | Shoals:3 | Found Kyhuph's Armour Shop.
 29521 | Shoals:3 | Reached skill level 8 in Spellcasting
 29874 | Shoals:4 | Entered Level 4 of the Shoals
 29900 | Shoals:4 | Paralysed by an air elemental for 1 turns
 29941 | Shoals:4 | Reached skill level 5 in Earth Magic
 30043 | Shoals:4 | Identified the amulet of Qits {Acrobat MP+9}
 30059 | Shoals:4 | Reached skill level 9 in Conjurations
 30066 | Shoals:4 | Noticed a titan
 30075 | Shoals:4 | Killed a titan
 30086 | Shoals:4 | Got a barnacled rune of Zot
 30312 | Shoals:4 | Reached XP level 19. HP: 131/131 MP: 14/33
 30442 | Shoals:4 | Paralysed by an air elemental for 1 turns
 30640 | Shoals:4 | Reached skill level 10 in Conjurations
 30956 | Shoals:4 | Reached ***** piety under Ashenzari
 31110 | Slime:1  | Entered Level 1 of the Pits of Slime
 31125 | Slime:1  | Gained mutation: Your body sometimes deteriorates upon
                  | taking damage. [a shining eye]
 31215 | Slime:1  | Gained mutation: You are frail. (-10% HP) [a shining eye]
 31216 | Slime:1  | Gained mutation: Your health recovers twice as slowly from
                  | being drained. [a shining eye]
 31217 | Slime:1  | Gained mutation: You are weak. (Str -2) [a shining eye]
 31219 | Slime:1  | Gained mutation: You expend magic power (3 MP) to
                  | strengthen your wands. [a shining eye]
 31221 | Slime:1  | Gained mutation: You do not regenerate when monsters are
                  | visible. [a shining eye]
 31224 | Slime:1  | Gained mutation: Your magical capacity is low. (-10% MP) [a
                  | shining eye]
 31226 | Slime:1  | Reached skill level 12 in Unarmed Combat
 31590 | Slime:3  | HP: 27/152 [rockslime (29)]
 31592 | Slime:3  | Killed from afar by an acid blob

Vanquished Creatures
  Vashnia (Snake:4)
  A titan (Shoals:4)
  Asterion (Snake:4)
  2 krakens
  An azure jelly (Slime:1)
  Aizul (Snake:4)
  2 nagarajas (Snake:4)
  2 rockslimes
  2 orc warlords
  2 quicksilver oozes (Slime:1)
  A minotaur (Gauntlet)
  A dire elephant (Lair:5)
  16 merfolk impalers
  4 merfolk javelineers
  4 vault guards (D:13)
  10 hydras
  2 rakshasas
  3 catoblepae
  A salamander tyrant (Snake:3)
  4 centaur warriors
  3 alligators (Shoals:3)
  17 anacondas
  5 boulder beetles
  6 two-headed ogres
  4 merfolk aquamancers
  3 alligator snapping turtles
  3 occultists (D:15)
  A satyr (Shoals:2)
  6 naga warriors
  6 shock serpents
  Urug (Orc:1)
  15 naga sharpshooters
  4 orc high priests (Orc:2)
  3 sun demons (Shoals:2)
  4 salamander mystics (Snake:4)
  5 skeletal warriors (D:14)
  Lodul (D:10)
  7 skysharks
  2 goliath frogs (Shoals:3)
  18 sea snakes
  A sixfirhy (Lair:5)
  A glowing orange brain (Gauntlet)
  7 naga ritualists
  An arcanist (Lair:5)
  3 lindwurms (Snake:4)
  15 mana vipers
  3 sun moths (Shoals:2)
  5 orc knights (Orc:2)
  A necromancer (D:15)
  10 harpies
  2 orc sorcerers (Orc:2)
  7 fauns (Shoals:1)
  3 shining eyes (Slime:1)
  The ghost of yetimobile the Covert, a novice VSBr of Uskayaw (D:8)
  12 ugly things
  15 salamanders
  A cyclops (shapeshifter) (D:13)
  20 manticores
  6 cyclopes
  3 meliai (D:15)
  A centaur zombie (D:15)
  4 guardian serpents
  3 kobold blastminers (Orc:2)
  8 naga magi
  4 elephants
  9 water nymphs
  7 merfolk sirens
  2 orange demons (Lair:5)
  A smoke demon (Lair:5)
  Maggie (D:8)
  An unseen horror (shapeshifter) (D:14)
  4 rime drakes
  45 black mambas
  18 cane toads
  2 kobold demonologists (D:13)
  A centaur skeleton (D:15)
  An unseen horror (D:11)
  An efreet (D:14)
  A freezing wraith (D:14)
  2 ice devils (Lair:5)
  13 komodo dragons
  2 tengu conjurers
  5 trolls
  A polar bear (Lair:2)
  2 red devils (Lair:5)
  28 merfolk
  A queen bee (Lair:1)
  12 wind drakes
  A tyrant leech (Gauntlet)
  12 dream sheep
  9 blink frogs
  9 snapping turtles
  5 air elementals (Shoals:4)
  32 slime creatures
  21 water elementals
  Sigmund (D:6)
  2 shadows (D:9)
  4 wraiths
  8 humans (D:13)
  7 wyverns
  2 wargs (Orc:2)
  29 yaks
  3 golden eyes (Slime:1)
  3 steam dragons
  7 vampire mosquitoes
  A harpy simulacrum (D:14)
  4 acid dragons
  20 nagas
  3 swamp worms (Gauntlet)
  11 water moccasins
  4 hell hounds (Lair:5)
  A meliai simulacrum (D:15)
  A swamp drake (D:11)
  4 black bears
  33 orc warriors
  A sky beast (D:7)
  14 ogres
  11 centaurs
  8 wolves
  2 kobold brigands
  Blork the orc (D:6)
  13 bullfrogs
  6 gnoll sergeants
  4 wights (D:6)
  3 scorpions
  33 killer bees
  14 electric eels
  A bombardier beetle (D:5)
  2 quasits (D:8)
  13 orc priests
  2 hounds (D:4)
  5 jellies
  A sleepcap (D:5)
  An iguana (D:5)
  17 hell rats
  11 orc wizards
  26 gnolls
  11 adders
  A shadow imp (D:5)
  2 white imps (D:7)
  2 ufetubi (D:5)
  3 dart slugs
  2 ribbon worms (D:3)
  72 orcs
  11 endoplasms
  2 giant cockroaches (D:1)
  7 goblins
  4 hobgoblins
  7 jackals
  22 kobolds
  4 quokkas
  12 ball pythons
  4 bats
  2 frilled lizards
  3 rats
  A tentacle (Shoals:3)
1070 creatures vanquished.

Vanquished Creatures (others)
  A merfolk impaler (Shoals:4)
  An anaconda (Snake:4)
  A guardian serpent (Snake:4)
  An air elemental (Shoals:4)
  A water elemental (Shoals:4)
  A boggart skeleton (D:15)
  11 tentacles
17 creatures vanquished.

Grand Total: 1087 creatures vanquished

Table legend:
 A = Non-vault XP
 B = Vault XP
 C = Vault XP percentage of total XP
 D = Non-vault monster count
 E = Vault monster count
 F = Vault count percentage of total count
                 A         B        C        D         E       F
            +---------+---------+-------+---------+---------+-------
      Total |  221706 |  128210 |  36.6 |     759 |     311 |  29.1
            +---------+---------+-------+---------+---------+-------
        D:1 |      58 |       0 |   0.0 |      31 |       0 |   0.0
        D:2 |      26 |      75 |  74.3 |       9 |      11 |  55.0
        D:3 |     372 |       0 |   0.0 |      25 |       0 |   0.0
        D:4 |     351 |     213 |  37.8 |      15 |       7 |  31.8
        D:5 |     556 |      87 |  13.5 |      16 |       1 |   5.9
        D:6 |    1666 |     314 |  15.9 |      13 |       2 |  13.3
        D:7 |    1516 |       0 |   0.0 |      19 |       0 |   0.0
        D:8 |     642 |    1067 |  62.4 |      17 |       4 |  19.0
        D:9 |    2013 |       0 |   0.0 |      34 |       0 |   0.0
       D:10 |    3462 |    2422 |  41.2 |      29 |      12 |  29.3
       D:11 |    5340 |     597 |  10.1 |      17 |      17 |  50.0
       D:12 |    2942 |       0 |   0.0 |      12 |       0 |   0.0
       D:13 |    8332 |    5067 |  37.8 |      25 |      12 |  32.4
       D:14 |   10862 |    1613 |  12.9 |      25 |       2 |   7.4
       D:15 |    9709 |    4847 |  33.3 |      24 |       8 |  25.0
     Lair:1 |    4353 |    1729 |  28.4 |      19 |      24 |  55.8
     Lair:2 |    9468 |     770 |   7.5 |      36 |       2 |   5.3
     Lair:3 |    5783 |     451 |   7.2 |      24 |       3 |  11.1
     Lair:4 |    8039 |    1379 |  14.6 |      29 |       8 |  21.6
     Lair:5 |    6254 |   11812 |  65.4 |      17 |      29 |  63.0
   Shoals:1 |   13279 |       0 |   0.0 |      28 |       0 |   0.0
   Shoals:2 |   16986 |    4357 |  20.4 |      33 |       6 |  15.4
   Shoals:3 |   12511 |    8218 |  39.6 |      20 |      13 |  39.4
   Shoals:4 |   16693 |   24102 |  59.1 |      39 |      51 |  56.7
    Snake:1 |   12512 |    1183 |   8.6 |      24 |       2 |   7.7
    Snake:2 |   18987 |    5670 |  23.0 |      41 |      13 |  24.1
    Snake:3 |    5235 |       0 |   0.0 |       8 |       0 |   0.0
    Snake:4 |   23571 |   37548 |  61.4 |      44 |      48 |  52.2
    Slime:1 |   12407 |       0 |   0.0 |      29 |       0 |   0.0
    Slime:2 |     495 |       0 |   0.0 |       2 |       0 |   0.0
    Slime:3 |    1313 |       0 |   0.0 |       1 |       0 |   0.0
      Orc:1 |    3124 |     914 |  22.6 |      31 |       2 |   6.1
      Orc:2 |    2849 |   10133 |  78.1 |      23 |      26 |  53.1
   Gauntlet |       0 |    3642 | 100.0 |       0 |       8 | 100.0
            +---------+---------+-------+---------+---------+-------

Skill      XL: |  1  2  3  4  5  6  7  8  9 10 11 12 13 14 15 16 17 18 19 |
---------------+----------------------------------------------------------+-----
Stealth        | 1 2 3 4 5 7 8 |  8.6
Unarmed Combat | 4 5 7 9 10 11 12 | 12.6
Shapeshifting  | 4 5 6 8 9 11 13 15 16 18 19 20 21 | 21.8
Dodging        | 5 8 10 11 12 | 12.8
Fighting       | 5 7 9 10 | 10.0
Conjurations   | 3 7 8 9 10 | 10.3
Necromancy     | 1 2 |  2.5
Spellcasting   | 3 6 8 |  8.8
Alchemy        | 4 |  4.4
Earth Magic    | 1 5 |  5.3

Action                     |  1- 3 |  4- 6 |  7- 9 | 10-12 | 13-15 | 16-18 | 19-21 || total
---------------------------+-------+-------+-------+-------+-------+-------+-------++-------
  Melee: Unarmed           |    62 |    87 |   138 |   378 |   768 |   811 |   199 ||  2443
         Constrict         |    18 |    13 |    36 |    79 |   128 |   165 |    22 ||   461
         Tentacles         |     9 |     8 |    39 |   104 |   225 |   244 |    65 ||   694
         Punch             |     2 |     1 |     3 |    27 |    90 |   103 |    27 ||   253
  Throw: Dart              |       |     1 |       |       |       |       |       ||     1
         Throwing net      |       |       |     3 |       |       |       |       ||     3
   Cast: Fugue of the Fall |       |       |       |       |     1 |    14 |     1 ||    16
         Irradiate         |       |       |       |       |       |    33 |     4 ||    37
         Orb of Destructio |       |       |       |       |       |    33 |     2 ||    35
 Invoke: Curse Item        |       |       |     2 |     3 |     1 |     2 |     1 ||     9
         Shatter the Chain |       |       |       |       |       |       |     1 ||     1
  Evoke: Wand              |       |       |       |    10 |     1 |       |       ||    11
    Use: Scroll            |     2 |     6 |     4 |     4 |     3 |       |     3 ||    22
         Potion            |       |     2 |     3 |     6 |       |     3 |       ||    14
   Stab: Sleeping          |    10 |    13 |    10 |    16 |    29 |    32 |     9 ||   119
         Invisible         |       |       |     2 |     9 |       |       |       ||    11
         Held in net/web   |       |       |     5 |       |       |       |       ||     5
         Distracted        |       |       |       |     4 |     5 |     2 |       ||    11
         Confused          |       |       |       |     1 |       |       |       ||     1
 Armour: Skin              |    22 |    39 |    52 |   119 |   322 |   787 |   162 ||  1503
  Dodge: Dodged            |    19 |    34 |   111 |   472 |  1872 |  2858 |   640 ||  6006
   Form: Flux              |       |       |     1 |     1 |       |       |       ||     2
         Beast             |       |       |     1 |       |       |       |       ||     1
         Blade             |       |       |       |     2 |       |       |       ||     2
         Statue            |       |       |       |     2 |       |       |       ||     2
                           |       |       |       |     1 |       |       |       ||     1

Illustrated notes

Table legend:
 A = Kills in this place as a percentage of kills in the entire game.
 B = Kills by you in this place as a percentage of kills by you in the entire game.
 C = Kills by friends in this place as a percentage of kills by friends in the entire game.
 D = Other kills in this place as a percentage of other kills in the entire game.
 E = Experience gained in this place as a percentage of experience gained in the entire game.
 F = Experience gained in this place divided by the number of levels of this place that you have seen.
                   A       B       C       D       E      F
               +-------+-------+-------+-------+-------+----------------------
         Total | 100.0 | 100.0 |   N/A | 100.0 | 100.0 | 9997.6
       Dungeon |  36.2 |  36.2 |   N/A |   0.0 |  18.3 | 4276.6
          Lair |  17.9 |  17.9 |   N/A |   0.0 |  14.3 | 10007.6
        Shoals |  17.8 |  17.8 |   N/A |   0.0 |  27.5 | 24036.5
     Snake Pit |  16.8 |  16.7 |   N/A | 100.0 |  29.9 | 26176.5
    Slime Pits |   3.0 |   3.0 |   N/A |   0.0 |   4.1 | 4738.3
  Orcish Mines |   7.7 |   7.7 |   N/A |   0.0 |   4.9 | 8510.0
      Gauntlet |   0.7 |   0.7 |   N/A |   0.0 |   1.0 | 3642.0
               +-------+-------+-------+-------+-------+----------------------

Table legend: (Time is in decaauts)
 A = Elapsed time spent in this place.
 B = Non-inter-level travel time spent in this place.
 C = Inter-level travel time spent in this place.
 D = Time resting spent in this place.
 E = Time spent auto-exploring this place.
 F = Levels seen in this place.
 G = Mean time per level.
                   A        B        C        D        E       F      G
               +--------+--------+--------+--------+--------+-----+--------+
         Total |  40802 |  38161 |   2641 |   1947 |  27815 |  35 | 1165.8 |
       Dungeon |  17036 |  15692 |   1344 |    998 |  11740 |  15 | 1135.7 |
        Temple |     15 |      5 |     10 |      0 |      0 |   1 |   15.0 |
          Lair |   7684 |   7042 |    642 |    160 |   5458 |   5 | 1536.8 |
        Shoals |   6048 |   5850 |    198 |     61 |   4240 |   4 | 1512.0 |
     Snake Pit |   6794 |   6560 |    234 |     21 |   5123 |   4 | 1698.5 |
    Slime Pits |    683 |    601 |     82 |    270 |     55 |   3 |  227.7 |
  Orcish Mines |   1952 |   1823 |    129 |    369 |    976 |   2 |  976.0 |
      Gauntlet |    587 |    587 |      0 |     67 |    220 |   1 |  587.0 |
               +--------+--------+--------+--------+--------+-----+--------+

Top non-repeatable levels by time:
 Snake:4: 2581 daAuts
  Lair:5: 1915 daAuts
 Snake:2: 1878 daAuts
  Lair:3: 1868 daAuts
    D:15: 1863 daAuts
Shoals:1: 1674 daAuts
Shoals:4: 1619 daAuts
Shoals:2: 1551 daAuts
    D:11: 1547 daAuts
    D:10: 1425 daAuts
  Lair:4: 1404 daAuts
  Lair:2: 1273 daAuts
    D:13: 1269 daAuts
     D:2: 1261 daAuts
 Snake:3: 1234 daAuts
